 Dungeon Crawl Stone Soup version 0.28-a0-683-ga8797d1ae1 (webtiles) character file.

Game seed: 12588065729385389841

163 bjtr the Conjurer (level 5, -5/37 HPs)
             Began as a Formicid Conjurer on Oct 19, 2021.
             Slain by Crazy Yiuf (9 damage)
             ... on level 2 of the Dungeon.
             The game lasted 00:10:53 (2506 turns).

bjtr the Conjurer (Formicid Conjurer)               Turns: 2506, Time: 00:10:54

Health: -5/37      AC:  5    Str: 18    XL:     5   Next: 72%
Magic:  5/10       EV: 11    Int: 18    God:
Gold:   46         SH:  0    Dex:  9    Spells: 8/11 levels left

rFire   . . .      SeeInvis +   o - +2 flail (vorpal)
rCold   . . .      Faith    .   (no shield)
rNeg    . . .      Spirit   .   t - +0 ring mail
rPois   .          Reflect  .   (helmet unavailable)
rElec   .          Harm     .   (no cloak)
rCorr   .          Rampage  .   (no gloves)
Will    .....                   (no boots)
Stlth   +.........              (no amulet)
HPRegen 0.12/turn               r - +6 ring of strength
MPRegen 0.12/turn               (no ring)

@: no status effects
A: permanent stasis, dig shafts and tunnels, antennae 3, four strong arms
a: Dig, Shaft Self


You were on level 2 of the Dungeon.
You visited 1 branch of the dungeon, and saw 2 of its levels.

You collected 46 gold pieces.

Inventory:

Hand Weapons
 b - a +0 mace
 c - a +0 short sword
 o - a +2 vorpal flail (weapon)
Missiles
 d - 19 stones
 e - 9 javelins
 h - 24 poisoned darts
 j - 42 arrows
 l - 22 sling bullets
Armour
 a - a +0 robe
 k - a +0 plate armour
 p - a +0 scale mail
 q - a +0 chain mail
 t - a +0 ring mail (worn)
Jewellery
 r - a +6 ring of strength (left hand)
Scrolls
 i - a scroll of magic mapping {unknown}
 s - a scroll of identify {unknown}
Potions
 f - a potion of degeneration {unknown}
 g - a potion of haste {unknown}
 m - a potion of might {unknown}
 n - a potion of flight {unknown}


   Skills:
 + Level 1.1 Fighting
 + Level 2.3 Dodging
 - Level 2.4 Stealth
 * Level 3.6 Spellcasting
 + Level 4.8 Conjurations


You had 8 spell levels left.
You knew the following spells:

 Your Spells              Type           Power      Damage    Failure   Level
a - Magic Dart            Conj           80%        1d7       3%          1
b - Searing Ray           Conj           40%        2d5       5%          2

Your spell library contained the following spells:

 Spells                   Type           Power      Damage    Failure   Level
 Dazzling Flash           Conj/Hex       24%        N/A       30%         3
 Gell's Gravitas          Tloc           1%         N/A       63%         3
 Teleport Other           Tloc           3%         N/A       63%         3
 Fulminant Prism          Conj/Hex       6%         3d7       69%         4
 Iskenderun's Mystic Bla  Conj/Tloc      12%        2d5       69%         4
 Dispersal                Tloc           1%         N/A       100%        6


Dungeon Overview and Level Annotations

Branches:
Dungeon (2/15)

Altars:
Nemelex Xobeh

Annotations:
D:2 Crazy Yiuf


Innate Abilities, Weirdness & Mutations

You cannot be hasted, slowed, berserked, paralysed or teleported.
You can dig through walls and to a lower floor.
You have a pair of large antennae on your head. (SInv)
Your four strong arms can wield two-handed weapons with a shield.


Message History

Casting: Searing Ray (safe; 5% risk of failure)
Confirm with . or Enter, or press ? or * to list all spells.
Aiming: Searing Ray (safe; 5% risk of failure)
Press: ? - help, Shift-Dir - straight line, f - Crazy Yiuf
Aim: Crazy Yiuf, wielding a +4 quarterstaff of chaos and wearing a +0 cloak (81% to hit)
The searing ray misses Crazy Yiuf. (Press . to maintain the ray.)
The searing ray hits Crazy Yiuf!
Crazy Yiuf is heavily wounded.
Crazy Yiuf hits you with a +4 quarterstaff of chaos!
Crazy Yiuf freezes you.
The searing ray hits Crazy Yiuf.
Crazy Yiuf is severely wounded.
Crazy Yiuf hits you with a +4 quarterstaff of chaos!
* * * LOW HITPOINT WARNING * * *
Crazy Yiuf burns you.
* * * LOW HITPOINT WARNING * * *
The searing ray hits Crazy Yiuf.
Crazy Yiuf is almost dead.
You finish channelling your searing ray.
Crazy Yiuf grits, "Citrus Hive eyeball!"
Crazy Yiuf barely misses you.
You see here a +0 mace.
Casting: Searing Ray (safe; 5% risk of failure)
Confirm with . or Enter, or press ? or * to list all spells.
Aiming: Searing Ray (safe; 5% risk of failure)
Press: ? - help, Shift-Dir - straight line, f/p - Crazy Yiuf
Aim: Crazy Yiuf, wielding a +4 quarterstaff of chaos and wearing a +0 cloak (severely wounded, 81% to hit)
Okay, then.
Unknown command.
Your ring mail prevents you from hitting Crazy Yiuf.
Crazy Yiuf is severely wounded.
Crazy Yiuf hits you with a +4 quarterstaff of chaos.
* * * LOW HITPOINT WARNING * * *
Crazy Yiuf burns you.
* * * LOW HITPOINT WARNING * * *
You closely miss Crazy Yiuf.
Crazy Yiuf is severely wounded.
Crazy Yiuf hits you with a +4 quarterstaff of chaos!
You die...

##....##.........###..#..........
....÷.....####....###...#.####.##
...###....# #...^# #...#.# #.##
.#.# ###..# #P..P# ##....####.##
.#.# #..# ##P.)# ##.#.........
##.. #..# ##)## #..###...<...
###. ##.# ##)# #............ ..
## #)## #..##........ .. ##@#
#.#####.....† ### #g## #.#
#...... #'# #.# #...... ))) #.#
####### #)))# #.# # #).)# #.#
##### ###


You could see Crazy Yiuf.

Vanquished Creatures
  Terence (D:2)
  Natasha (thrice) (D:2)
  An adder (D:2)
  2 dart slugs (D:2)
  5 endoplasms
  8 giant cockroaches
  2 goblins
  5 hobgoblins
  5 ball pythons
  5 bats
  6 frilled lizards
  5 kobolds
  3 rats
51 creatures vanquished.

Notes
Turn   | Place    | Note
-------+----------+-------------------------------------------
     0 | D:1      | bjtr the Formicid Conjurer began the quest for the Orb.
     0 | D:1      | Reached XP level 1. HP: 13/13 MP: 3/3
   301 | D:1      | Reached XP level 2. HP: 16/19 MP: 5/5
   304 | D:1      | Learned a level 2 spell: Searing Ray
   396 | D:1      | Reached skill level 4 in Conjurations
   643 | D:1      | Found a faded altar of an unknown god.
   822 | D:1      | Reached XP level 3. HP: 24/24 MP: 4/6
  1555 | D:2      | Noticed Terence
  1770 | D:2      | Noticed Natasha
  1783 | D:2      | Killed Natasha
  1784 | D:2      | Reached XP level 4. HP: 20/31 MP: 3/8
  1801 | D:2      | Noticed Natasha
  1921 | D:2      | Killed Natasha
  1987 | D:2      | Reached XP level 5. HP: 30/36 MP: 2/9
  2024 | D:2      | Noticed Natasha
  2029 | D:2      | Killed Natasha
  2030 | D:2      | Reached skill level 1 in Fighting
  2092 | D:2      | Killed Terence
  2194 | D:2      | Found a sparkling altar of Nemelex Xobeh.
  2495 | D:2      | Found a runed translucent door.
  2496 | D:2      | Noticed Crazy Yiuf
  2506 | D:2      | Slain by Crazy Yiuf

Illustrated notes

Levels and vault maps discovered:
D:1:      eino_arrival_cavern_e, layout_basic,
          dreamdust_ecumenical_altar_hidden_monk_grotto,
          minmay_worlds_worst_comb
D:2:      layout_rooms, basic_altar, uniq_crazy_yiuf_cottage, uniq_natasha,
          uniq_terence

Skill      XL: |  1  2  3  4  5 |
---------------+----------------+-----
Conjurations   | 4 |  4.8
Dodging        | 2 |  2.3
Spellcasting   | 3 |  3.6
Fighting       | 1 |  1.1
Stealth        | |  2.4

Action                   |  1- 3 |  4- 6 || total
-------------------------+-------+-------++-------
Melee: Mace              |    46 |    11 ||    57
       Flail             |       |    24 ||    24
 Cast: Magic Dart        |    38 |     1 ||    39
       Searing Ray       |     4 |     7 ||    11
 Stab: Sleeping          |     6 |     3 ||     9
Armor: Robe              |    16 |     7 ||    23
       Ring mail         |       |     2 ||     2
Dodge: Dodged            |    43 |    31 ||    74

Table legend: (Time is in decaauts)
 A = Elapsed time spent in this place.
 B = Non-inter-level travel time spent in this place.
 C = Inter-level travel time spent in this place.
 D = Time resting spent in this place.
 E = Time spent auto-exploring this place.
 F = Levels seen in this place.
 G = Mean time per level.
                   A        B        C        D        E       F      G
               +--------+--------+--------+--------+--------+-----+--------+
         Total |   2537 |   2505 |     32 |    542 |   1383 |   2 | 1268.5 |
       Dungeon |   2537 |   2505 |     32 |    542 |   1383 |   2 | 1268.5 |
               +--------+--------+--------+--------+--------+-----+--------+

Top non-repeatable levels by time:
     D:1: 1642 daAuts
     D:2: 895 daAuts
